 Dungeon Crawl Stone Soup version 0.22-a0-422-g9628fc87f1 (webtiles) character file.

32816 Manul the Cleaver (level 13, 0/104 HPs)
             Began as a Demonspawn Chaos Knight on May 19, 2018.
             Slain by a brown ugly thing (14 damage)
             ... on level 11 of the Dungeon.
             The game lasted 00:28:15 (15857 turns).

Manul the Cleaver (Demonspawn Chaos Knight)        Turns: 15857, Time: 00:28:15

Health: 0/104      AC: 17    Str: 19    XL:     13   Next: 33%
Magic:  14/14      EV: 12    Int: 13    God:    Xom [...*..]
Gold:   4425       SH:  0    Dex: 16    Spells: 12/12 levels left

rFire    + . .     SeeInvis .   a - +0 hand axe (chaos)
rCold    . . .     Gourm    .   (no shield)
rNeg     . . .     Faith    .   V - +0 crystal plate armour
rPois    +         Spirit   .   (helmet restricted)
rElec    .         Reflect  .   (no cloak)
rCorr    .         Harm     .   l - +1 pair of gloves
MR       .....                  g - +0 pair of boots
Stlth    ..........             o - amulet of the acrobat
HPRegen  0.27/turn              X - ring of Xom's Pride {+Fly Dex+2}
MPRegen  0.14/turn              K - +3 ring of evasion

@: corroded
A: horns 1, talons 2, blurry vision 1, demonic guardian 2, fire resistance 1,
poison resistance, strong 1, wild magic 1, evolution 1, MP-powered wands, sturdy
frame 2
a: Renounce Religion, Evoke Flight


You were on level 11 of the Dungeon.
You worshipped Xom.
You were a favourite toy of Xom.
You were not hungry.

You visited 3 branches of the dungeon, and saw 17 of its levels.
You also visited: Labyrinth.

You collected 4641 gold pieces.
You spent 216 gold pieces at shops.

Inventory:

Hand Weapons
 a - a +0 hand axe of chaos (weapon)
 F - a +1 vampiric battleaxe
Missiles
 s - an exploding tomahawk (quivered)
Armour
 g - a +0 pair of boots (worn)
 l - a +1 pair of gloves (worn)
 I - +0 ice dragon scales
 M - the +3 helmet of the Monk {SInv}
   (You found it on level 8 of the Dungeon)

   It lets you see invisible.
 V - a +0 crystal plate armour (worn)
Jewellery
 e - an uncursed amulet of harm {unknown}
 f - an uncursed ring of flight {unknown}
 o - an amulet of the acrobat (around neck)
 w - an uncursed ring of resist corrosion
 J - an uncursed ring of positive energy
 K - a +3 ring of evasion (right hand)
 O - an uncursed amulet of guardian spirit
 Q - an uncursed amulet of rage
 U - a cursed ring of loudness {unknown}
 X - the ring of Xom's Pride (left hand) {+Fly Dex+2}
   (You found it on level 10 of the Dungeon)

   [ring of flight]

   It affects your dexterity (+2).
   It lets you fly.
Wands
 r - a wand of polymorph (7)
 u - a wand of scattershot (6)
 z - a wand of paralysis (13)
 E - a wand of disintegration (20)
 H - a wand of random effects (62)
 L - a wand of enslavement (8)
 R - a wand of iceblast (2)
 W - a wand of clouds (3)
Scrolls
 d - 8 scrolls of identify
 h - a scroll of enchant weapon {unknown}
 i - a scroll of silence {unknown}
 k - a scroll of fog {unknown}
 m - 2 scrolls of enchant armour
 p - 9 scrolls of teleportation
 t - 6 scrolls of amnesia {unknown}
 y - 4 scrolls of magic mapping
 A - 9 scrolls of remove curse
 S - 5 scrolls of blinking
Potions
 b - 2 potions of heal wounds
 j - 2 potions of haste
 n - a potion of resistance
 q - a potion of berserk rage {unknown}
 v - a potion of brilliance
 x - a potion of mutation {unknown}
 D - 3 potions of agility {unknown}
 G - 2 potions of might
 N - 5 potions of curing
 P - 2 potions of ambrosia {unknown}
 T - 2 potions of flight {unknown}
 Y - a potion of magic {unknown}
 Z - a potion of lignification {unknown}
Miscellaneous
 B - a lamp of fire (inert)
Comestibles
 c - 17 rations
 C - 10 chunks of flesh


   Skills:
 + Level 10.3 Fighting
 + Level 13.5 Axes
 + Level 0.5 Throwing
 * Level 11.4 Armour
 + Level 7.0 Dodging
 + Level 2.4 Evocations


You had 12 spell levels left.
You didn't know any spells.
Your spell library contained the following spells:

 Spells                   Type           Power        Failure   Level  Hunger
 Confuse                  Hex            #.......     100%        3    ####...
 Invisibility             Hex            #.......     100%        6    #######
 Mephitic Cloud           Conj/Pois/Air  #.......     100%        3    ####...
 Venom Bolt               Conj/Pois      #.........   100%        5    ######.
 Olgreb's Toxic Radiance  Pois           #.......     100%        4    #####..
 Summon Small Mammal      Summ           #...         100%        1    ##.....
 Summon Ice Beast         Ice/Summ       #.......     100%        4    #####..
 Call Imp                 Summ           #.......     100%        2    ###....
 Sting                    Conj/Pois      #...         100%        1    ##.....
 Call Canine Familiar     Summ           #.......     100%        3    ####...
 Leda's Liquefaction      Hex/Erth       #.........   100%        4    #####..
 Darkness                 Hex            #.........   100%        6    #######
 Fulminant Prism          Conj/Hex       #.........   100%        4    #####..
 Discord                  Hex            #.........   100%        8    #######
 Summon Lightning Spire   Summ/Air       #.......     100%        4    #####..
 Summon Guardian Golem    Hex/Summ       #.......     100%        3    ####...
 Poisonous Vapours        Pois/Air       #.....       100%        2    ###....


Dungeon Overview and Level Annotations

Branches:
Dungeon (12/15)            Temple (1/1) D:4            Lair (4/6) D:11
  Snake (0/4) Lair:4
  Swamp: Lair:2-4    Shoals: Lair:2-4       Orc: D:9-12

Altars:
Ashenzari
Cheibriados
Dithmenos
Fedhas
Kikubaaqudgha
Makhleb
Nemelex Xobeh
Qazlal
Ru
Vehumet
Wu Jian
Xom
Zin

Shops:
D:4 (   D:9 *


Innate Abilities, Weirdness & Mutations

You have razor-sharp toenails.
A demonic guardian rushes to your aid.
Your flesh is heat resistant. (rF+)
Your movements are less encumbered by armour. (ER -4)
You have a pair of small horns on your head.
Scrolls take you a little longer to read.
Your system is resistant to poisons. (rPois)
Your muscles are strong. (Str +2)
Your spells are a little harder to cast, but a little more powerful.
You evolve.
You expend magic power (3 MP) to strengthen your wands.


Message History

Your soul eater closely misses something.
Your soul eater closely misses something.
Your soul eater disappears in a puff of smoke!
There is a stone staircase leading up here.
Something gores you but does no damage.
You climb upwards.
There is a stone staircase leading down here.
You hit something. Something gores you!
* * * LOW HITPOINT WARNING * * *
The acid corrodes you!
You are splashed with acid!
The acid burns!
* * * LOW HITPOINT WARNING * * *
Unknown command.
You feel much better. Something gores you.
* * * LOW HITPOINT WARNING * * *
The acid corrodes you!
You are splashed with acid!
The acid burns!
* * * LOW HITPOINT WARNING * * *
Something gores you but does no damage. Something gores you!
You die... "What!?
That's it?"

##########
#........##############
#.#........##.......s.# ###
#.#.####.#.##.#######.###.##
#.#..(...#.##>###....(.....###
#>#..##..#.##.##..###.###.##.s
#...........[@....###.##...#s#
###..#####.##......##.##.....#
#ss....#.##.#...###.##...#.#
#.####.#.##.##.####.######..
#........##.........# #####
######.#######.###### #....
#.# ##+## #.### #.# ##...##
#.### ###.# ##.....## #.#..


There were no monsters in sight!

Vanquished Creatures
  Gastronok (Lair:1)
  2 two-headed ogres
  2 death yaks (D:11)
  The ghost of epok the Ruffian, a novice TrMo (D:6)
  2 ugly things
  A manticore (D:11)
  An oklob plant (Lair:1)
  3 elephants (Lair:3)
  3 black mambas
  3 spiny frogs
  A rime drake (Lair:3)
  A komodo dragon (Lair:1)
  A yaktaur (D:12)
  A polar bear (Lair:3)
  5 trolls
  4 blink frogs (Lair:4)
  A slime creature (D:12)
  4 hippogriffs
  Sigmund (D:3)
  2 wyverns
  A vampire (D:10)
  13 yaks
  A basilisk (D:11)
  A hungry ghost (D:11)
  2 vampire mosquitoes (D:10)
  A soldier ant (Lair:3)
  12 water moccasins
  13 bullfrogs
  2 acid dragons
  4 porcupines
  A swamp drake (shapeshifter) (D:11)
  5 orc warriors
  4 ice beasts
  A phantom (D:12)
  2 sky beasts (D:7)
  2 necrophages
  12 wolves
  A centaur (D:10)
  2 ogres
  4 crocodiles
  Blork the orc (D:5)
  17 killer bees
  6 howler monkeys
  6 crimson imps
  A bullfrog zombie (D:12)
  7 hounds
  3 centaur skeletons
  2 jellies
  2 orc priests
  6 orc wizards
  Jessica (D:2)
  A bullfrog skeleton (D:8)
  Ijyb (D:4)
  Natasha (thrice) (D:3)
  4 iguanas
  4 worker ants
  A hound zombie (D:8)
  2 hound skeletons
  2 howler monkey zombies
  A worker ant zombie (D:6)
  2 howler monkey skeletons
  15 adders
  2 shadow imps
  An adder zombie (D:9)
  3 worms (D:2)
  2 dart slugs
  2 leopard geckos (D:2)
  29 orcs
  10 bats
  5 giant cockroaches
  6 goblins
  7 hobgoblins
  4 quokkas
  3 ball pythons
  5 frilled lizards
  5 kobolds
  2 quokka skeletons (D:5)
  13 rats
  A fungus (Lair:1)
  2 plants (Lair:4)
314 creatures vanquished.

Vanquished Creatures (collateral kills)
  A minotaur (Lab)
  Josephine (D:11)
  The ghost of epok the Fighter, a journeyman CeFi of Okawaru (Lair:4)
  Harold (D:12)
  2 hydras
  A death knight (D:11)
  2 two-headed ogres (D:10)
  A centaur warrior (D:12)
  A death yak (D:11)
  Nergalle (Lair:1)
  Pikel (D:7)
  2 oklob plants (Lair:2)
  A cyclops (D:11)
  A black mamba (Lair:1)
  An elephant (Lair:3)
  2 spiny frogs
  A centaur skeleton (D:11)
  A gargoyle (D:10)
  A komodo dragon (shapeshifter) (D:12)
  A hornet (D:8)
  3 blink frogs (Lair:1)
  3 slime creatures (D:12)
  4 wraiths (D:11)
  5 yaks
  Eustachio (D:4)
  A golden eye (D:10)
  2 water moccasins (Lair:1)
  An ice beast (D:9)
  2 orc warriors
  2 sky beasts
  4 slaves (D:7)
  A black bear (D:11)
  2 ogres
  6 wolves
  A centaur (D:9)
  A crocodile (Lair:1)
  A wight (D:10)
  2 howler monkeys (D:10)
  2 bullfrog zombies (D:10)
  An orc priest (D:8)
  A hound (D:12)
  2 orc wizards (D:4)
  A bullfrog skeleton (D:12)
  2 worker ants
  A hound skeleton (D:10)
  An adder (D:4)
  8 orcs
  A giant cockroach (D:8)
  A quokka (D:10)
  2 plants
89 creatures vanquished.

Vanquished Creatures (others)
  A kobold demonologist (D:10)
  A vampire (D:10)
  A hungry ghost (D:10)
  A plant (Lair:2)
4 creatures vanquished.

Grand Total: 407 creatures vanquished

Notes
Turn   | Place    | Note
-------+----------+-------------------------------------------
     0 | D:1      | Manul the Demonspawn Chaos Knight began the quest for the Orb.
     0 | D:1      | Reached XP level 1. HP: 18/18 MP: 1/1
   130 | D:1      | XOM: potion effect (berserk rage)
   170 | D:1      | XOM: silly message
   273 | D:1      | Gained mutation: You have sharp toenails. [demonic ancestry]
   273 | D:1      | Reached XP level 2. HP: 18/24 MP: 2/2
   360 | D:1      | Reached skill level 3 in Axes
   840 | D:2      | Reached skill level 1 in Dodging
   840 | D:2      | Reached XP level 3. HP: 29/29 MP: 3/3
  1022 | D:2      | XOM: smoke on damage
  1022 | D:2      | XOM: torment (12/30 hp)
  1025 | D:2      | XOM: enchant monster (bad)
  1070 | D:2      | Found a stormy altar of Qazlal.
  1070 | D:2      | Noticed a fire elemental
  1071 | D:2      | Noticed a water elemental
  1072 | D:2      | Noticed an air elemental
  1072 | D:2      | Noticed an earth elemental
  1115 | D:2      | Noticed Jessica
  1122 | D:2      | Killed Jessica
  1122 | D:2      | Reached XP level 4. HP: 34/37 MP: 4/4
  1480 | D:3      | Noticed Natasha
  1480 | D:3      | You fall through a shaft for 2 floors!
  1480 | D:5      | Entered Level 5 of the Dungeon
  1480 | D:5      | XOM: 1-stop teleportation journey
  1487 | D:5      | Noticed Eustachio
  1491 | D:5      | Noticed Blork the orc
  1494 | D:4      | XOM: fake destruction
  1496 | D:4      | XOM: give mutations
  1496 | D:4      | Gained mutation: Armour fits poorly on your strangely shaped body. [Xom's mischief]
  1496 | D:4      | Gained mutation: You are dopey. (Int -2) [Xom's mischief]
  1500 | D:4      | Killed Eustachio
  1500 | D:4      | Reached skill level 4 in Axes
  1500 | D:4      | Reached XP level 5. HP: 36/42 MP: 5/5
  1529 | D:4      | Found a staircase to the Ecumenical Temple.
  1542 | Temple   | Entered the Ecumenical Temple
  1574 | D:4      | Noticed Ijyb
  1574 | D:4      | XOM: cast spell 'Shadow Creatures'
  1580 | D:4      | Gained mutation: Your movements are slightly less encumbered by armour. (ER -2) [demonic ancestry]
  1580 | D:4      | Reached XP level 6. HP: 36/48 MP: 6/6
  1586 | D:4      | XOM: summons friendly white imp
  1633 | D:4      | Reached skill level 5 in Axes
  1972 | D:4      | XOM: noise
  2170 | D:3      | Noticed Sigmund
  2179 | D:3      | Killed Sigmund
  2179 | D:3      | Gained mutation: Your flesh is heat resistant. (rF+) [demonic ancestry]
  2179 | D:3      | Reached XP level 7. HP: 47/55 MP: 7/7
  2269 | D:3      | Killed Natasha
  2400 | D:3      | Noticed Natasha
  2411 | D:3      | Killed Natasha
  2444 | D:3      | Noticed Natasha
  2458 | D:3      | Killed Natasha
  2615 | D:4      | Found Lusegoc's Antique Weapon Emporium.
  2705 | D:4      | XOM: noise
  2719 | D:4      | Killed Ijyb
  2744 | D:4      | XOM: scenery: create altars
  3108 | D:5      | XOM: cast spell 'Metabolic Englaciation'
  3134 | D:5      | XOM: enchant monster (bad)
  3151 | D:5      | XOM: summons friendly ufetubus
  3234 | D:5      | XOM: mild Erth miscast
  3307 | D:5      | XOM: enchant monster (good)
  3308 | D:5      | XOM: blink monster(s)
  3324 | D:5      | Killed Blork the orc
  3324 | D:5      | Reached skill level 6 in Axes
  3637 | D:5      | Reached skill level 5 in Fighting
  3691 | D:5      | XOM: medium Air miscast
  3984 | D:6      | XOM: cast spell 'Discord'
  4006 | D:5      | XOM: repel stairs
  4015 | D:5      | Gained mutation: A weak demonic guardian rushes to your aid. [demonic ancestry]
  4015 | D:5      | Reached XP level 8. HP: 39/62 MP: 8/8
  4215 | D:5      | XOM: stat loss: -1 Int (10/11)
  4256 | D:6      | Noticed epok's ghost (novice TrMo)
  4270 | D:6      | XOM: 2-stop teleportation journey
  4363 | D:6      | XOM: cleaving
  4366 | D:6      | XOM: 3-stop teleportation journey
  4380 | D:6      | XOM: 1-stop teleportation journey
  4631 | D:6      | XOM: mild Erth miscast
  4675 | D:6      | XOM: enchant monster (good)
  4748 | D:6      | Reached skill level 7 in Axes
  4750 | D:6      | XOM: god gift: 23 arrows
  4811 | D:6      | Noticed a two-headed ogre
  4812 | D:6      | XOM: harmless Erth miscast
  4823 | D:6      | Killed a two-headed ogre
  4829 | D:6      | XOM: confusion
  5061 | D:6      | XOM: give mutations
  5061 | D:6      | Gained mutation: You expend magic power (3 MP) to strengthen your wands. [Xom's mischief]
  5061 | D:6      | Lost mutation: Armour fits poorly on your strangely shaped body. [Xom's mischief]
  5061 | D:6      | Gained mutation: Scrolls take you a little longer to read. [Xom's mischief]
  5061 | D:6      | Gained mutation: You are frail. (-10% HP) [Xom's mischief]
  5154 | D:6      | XOM: enchant monster (bad)
  5160 | D:6      | XOM: harmless Conj miscast
  5161 | D:6      | XOM: enchant monster (bad)
  5233 | D:4      | Bought a polished mace for 216 gold pieces
  5412 | D:6      | Reached skill level 8 in Axes
  5412 | D:6      | Gained mutation: A demonic guardian rushes to your aid. [demonic ancestry]
  5412 | D:6      | Reached XP level 9. HP: 58/62 MP: 9/9
  5553 | D:6      | XOM: potion effect (berserk rage)
  5555 | D:6      | Killed epok's ghost
  5556 | D:6      | XOM: divination: detect items
  5588 | D:7      | XOM: give mutations
  5588 | D:7      | Gained mutation: Your muscles are strong. (Str +2) [Xom's grace]
  5588 | D:7      | Gained mutation: Your spells are a little harder to cast, but a little more powerful. [Xom's grace]
  5615 | D:7      | Noticed Pikel
  5622 | D:7      | Killed Pikel
  5674 | D:7      | Reached skill level 9 in Axes
  5806 | D:7      | XOM: god gift: 8 curare-tipped needles
  5827 | D:7      | Found a snail-covered altar of Cheibriados.
  5839 | D:7      | Found an ancient bone altar of Kikubaaqudgha.
  5839 | D:7      | Found a shadowy altar of Dithmenos.
  5844 | D:7      | Found a blossoming altar of Fedhas.
  5864 | D:7      | XOM: potion effect (brilliance)
  5961 | D:7      | XOM: god gift: ice dragon scales {god gift}
  6242 | D:7      | XOM: 4-stop teleportation journey
  6462 | D:8      | Found a sacrificial altar of Ru.
  6467 | D:8      | XOM: divination: magic mapping
  6488 | D:8      | Got a polished helmet
  6494 | D:8      | Identified the +3 helmet of the Monk {SInv} (You found it on level 8 of the Dungeon)
  6760 | D:8      | XOM: 3-stop teleportation journey
  6768 | D:8      | Reached skill level 5 in Armour
  6821 | D:8      | XOM: potion effect (haste)
  6823 | D:8      | Reached XP level 10. HP: 55/71 MP: 10/10
  7192 | D:9      | Found Wurick's Assorted Antiques.
  7194 | D:9      | XOM: summons 6 friendly demons
  7210 | D:9      | Reached skill level 5 in Dodging
  7253 | D:9      | XOM: polymorph wyvern -> crocodile
  7331 | D:9      | Reached skill level 10 in Axes
  7363 | D:9      | XOM: enchant monster (good)
  7469 | D:9      | Found a stormy altar of Qazlal.
  7567 | D:9      | Found a burning altar of Makhleb.
  7567 | D:9      | Noticed a cacodemon
  7570 | D:9      | Noticed a smoke demon
  7570 | D:9      | Noticed an orange demon
  7771 | D:9      | XOM: cloud trail
  7906 | D:9      | XOM: give mutation
  7906 | D:9      | Gained mutation: Your movements are less encumbered by armour. (ER -4) [Xom's grace]
  7945 | D:10     | Entered Level 10 of the Dungeon
  7945 | D:10     | XOM: god gift: wand of clouds (5)
  7946 | D:10     | XOM: give mutation
  7946 | D:10     | Lost mutation: You are frail. (-10% HP) [Xom's grace]
  8041 | D:10     | XOM: god gift: 5 javelins of returning
  8136 | D:10     | Noticed a two-headed ogre
  8138 | D:10     | XOM: fake destruction
  8156 | D:10     | Killed a two-headed ogre
  8201 | D:10     | Noticed a gargoyle
  8204 | D:10     | XOM: scenery: 1 doors close
  8209 | D:10     | Killed a gargoyle
  8263 | D:10     | Got a crude brass ring
  8266 | D:10     | Identified the ring of Xom's Pride {+Fly Dex+2} (You found it on level 10 of the Dungeon)
  8302 | D:10     | Reached skill level 1 in Evocations
  8325 | D:10     | Reached skill level 11 in Axes
  8366 | D:10     | XOM: polymorph troll -> golden eye
  8372 | D:10     | Reached XP level 11. HP: 30/86 MP: 11/11
  8554 | D:10     | Noticed a two-headed ogre
  8556 | D:10     | XOM: summons 11 friendly demons
  8563 | D:10     | Killed a two-headed ogre
  8594 | D:10     | Noticed a two-headed ogre
  8605 | D:10     | Killed a two-headed ogre
  8750 | D:10     | XOM: harmless Ice miscast
  8801 | D:10     | XOM: confuse monster(s)
  8808 | D:10     | XOM: enchant monster (bad)
  8868 | D:10     | Noticed a red ugly thing
  8875 | D:10     | XOM: butterfly on damage
  8885 | D:10     | Killed a green ugly thing
  9889 | D:11     | XOM: enchant monster (good)
  9931 | D:11     | XOM: polymorph giant cockroach -> jelly
  9935 | D:11     | XOM: butterfly on damage
  9980 | D:11     | XOM: 2-stop teleportation journey
  9980 | D:11     | Noticed Josephine
  9982 | D:11     | XOM: divination: magic mapping
  9988 | D:11     | Killed Josephine
 10034 | D:11     | Noticed a death yak
 10046 | D:11     | Killed a death yak
 10059 | D:11     | XOM: polymorph howler monkey -> swamp drake
 10282 | D:11     | XOM: 3-stop teleportation journey
 10431 | D:11     | Noticed a death yak
 10433 | D:11     | Noticed a death yak
 10435 | D:11     | XOM: confuse monster(s)
 10437 | D:11     | XOM: polymorph yak -> black bear
 10454 | D:11     | Found a staircase to the Lair.
 10467 | D:11     | Killed a death yak
 10513 | D:11     | Killed a death yak
 10762 | D:11     | XOM: god gift: 3570 gold pieces
 10772 | D:11     | XOM: cleaving
 10778 | D:11     | Noticed a brown ugly thing
 10782 | D:11     | Reached skill level 12 in Axes
 10810 | D:11     | Killed a brown ugly thing
 11095 | D:12     | Noticed Harold
 11115 | D:11     | Reached XP level 12. HP: 82/95 MP: 13/13
 11136 | D:12     | Killed Harold
 11138 | D:12     | Noticed a death knight
 11141 | D:12     | XOM: confuse monster(s)
 11273 | D:11     | XOM: medium Air miscast
 11653 | D:11     | XOM: cloud trail
 11655 | Lair:1   | Entered Level 1 of the Lair of Beasts
 11716 | Lair:1   | XOM: destruction
 11727 | Lair:1   | XOM: divination: detect items
 11876 | Lair:1   | XOM: confusion (+ monsters)
 11965 | Lair:1   | XOM: cleaving
 11978 | Lair:1   | Noticed Gastronok
 11979 | Lair:1   | XOM: cast spell 'Metabolic Englaciation'
 11980 | Lair:1   | XOM: summons friendly quasit
 11986 | Lair:1   | XOM: 2-stop teleportation journey
 12023 | Lair:1   | XOM: summons 6 friendly demons
 12398 | Lair:1   | Noticed Nergalle
 12414 | Lair:1   | Killed Nergalle
 12453 | Lair:1   | Found a glowing silver altar of Zin.
 12456 | Lair:1   | XOM: destruction
 12458 | Lair:1   | XOM: polymorph oklob plant -> oklob plant
 12469 | Lair:1   | Reached skill level 10 in Armour
 12485 | Lair:1   | Noticed an eight-headed hydra
 12487 | Lair:1   | XOM: destruction
 12495 | Lair:1   | Killed a ten-headed hydra
 12498 | Lair:1   | XOM: cloud trail
 12525 | Lair:1   | XOM: 2-stop teleportation journey
 12634 | Lair:1   | Killed Gastronok
 12741 | Lair:1   | XOM: harmless Hex miscast
 12925 | Lair:1   | XOM: god gift: wand of scattershot (6)
 12965 | Lair:1   | XOM: summons 11 friendly demons
 13279 | Lair:2   | Found a labyrinth entrance.
 13288 | Lab      | Entered a labyrinth
 13379 | Lab      | Noticed a minotaur
 13389 | Lab      | XOM: confuse monster(s)
 13389 | Lab      | Killed a minotaur
 13389 | Lab      | Reached skill level 13 in Axes
 13414 | Lab      | Got a transparent steel ring
 13421 | Lab      | Identified Qias's Reference Book on Bewitchment
 13432 | Lair:2   | Identified the ring of Vodi Jou {rF+ MR+ Str-4 Int+5 Dex-5} (You took it off a minotaur in a labyrinth)
 13605 | Lair:2   | XOM: noise
 13638 | Lair:2   | XOM: summons 3 friendly demons
 13716 | Lair:2   | XOM: fake destruction
 14056 | Lair:2   | XOM: god gift: lamp of fire
 14084 | Lair:3   | XOM: smoke on damage
 14093 | Lair:3   | XOM: god gift: ring mail {god gift}
 14172 | Lair:3   | Noticed a five-headed hydra
 14177 | Lair:3   | XOM: confuse monster(s)
 14485 | Lair:3   | XOM: polymorph smoke demon -> smoke demon
 14519 | Lair:3   | Reached skill level 10 in Fighting
 14519 | Lair:3   | Gained mutation: You have razor-sharp toenails. [demonic ancestry]
 14519 | Lair:3   | Reached XP level 13. HP: 74/103 MP: 14/14
 14562 | Lair:3   | XOM: divine lightning
 14572 | Lair:3   | XOM: summons friendly iron imp
 14805 | Lair:3   | XOM: give mutations
 14805 | Lair:3   | Gained mutation: Your system is resistant to poisons. (rPois) [Xom's grace]
 14805 | Lair:3   | Gained mutation: You have a pair of small horns on your head. [Xom's grace]
 14805 | Lair:3   | Gained mutation: You evolve. [Xom's grace]
 14856 | Lair:3   | Lost mutation: You are dopey. (Int -2) [evolution]
 15089 | Lair:3   | XOM: harmless Erth miscast
 15163 | Lair:4   | XOM: cleaving
 15167 | Lair:4   | XOM: scenery: create altars
 15173 | Lair:4   | XOM: cast spell 'Ring of Flames'
 15286 | Lair:4   | Found a staircase to the Snake Pit.
 15298 | Lair:4   | XOM: snakes to sticks
 15312 | Lair:4   | XOM: harmless Summ miscast
 15367 | Lair:4   | Noticed epok's ghost (journeyman CeFi)
 15377 | Lair:4   | Killed epok's ghost
 15726 | D:12     | XOM: divination: detect creatures
 15788 | D:12     | Identified a scroll of acquirement
 15854 | D:11     | HP: 4/104 [acid (6)]
 15857 | D:11     | Slain by a brown ugly thing

Vault maps used:
D:1:      nicolae_arrival_somewhat_less_tricky_arrival, minmay_pentomino_s2
D:2:      hangedman_decor_points, minivault_24,
          nicolae_qazlal_style_of_elements, uniq_jessica
D:3:      uniq_sigmund, uniq_natasha
D:4:      minmay_temple_entry_hall, serial_shops, kennysheep_mini, uniq_ijyb
D:5:      first_ration, uniq_blork_the_orc, uniq_eustachio
D:6:      minmay_cornered_nines
D:7:      grunt_temple_overflow_open, uniq_pikel
D:8:      kennysheep_little_box
D:9:      makhleb_altar_promises_db, serial_shops, nicolae_shop_crystal,
          basic_altar
D:10:     minmay_the_grid_square_5x5_3x3
D:11:     dpeg_lair_monsters, uniq_josephine
D:12:     minmay_bloctagon, david_orc_2, grunt_ogre_cave, uniq_harold
Temple:   eino_temple_rhombus
Lair:1:   lemuel_oklob_altar, uniq_gastronok, uniq_nergalle
Lair:2:   lab_entry_generic, minmay_lair_oklob_chamber
Lair:4:   swamp_mist, minmay_snake_entry_six_corridors
Lab:      nicolae_lab_dead_adventurers, nicolae_lab_do_over, nicolae_lab_arrow,
          nicolae_lab_garden, nicolae_lab_diamond

Skill      XL: |  1  2  3  4  5  6  7  8  9 10 11 12 13 |
---------------+----------------------------------------+-----
Axes           | 3 4 5 6 8 9 11 12 13 | 13.5
Armour         | 2 3 5 7 9 10 11 | 11.4
Dodging        | 1 2 3 4 5 6 7 |  7.0
Fighting       | 4 5 6 7 8 9 10 | 10.3
Evocations     | 1 2 |  2.4
Throwing       | |  0.5

Action                   |  1- 3 |  4- 6 |  7- 9 | 10-12 | 13-15 || total
-------------------------+-------+-------+-------+-------+-------++-------
Melee: Hand axe          |    86 |    83 |   258 |  1070 |   214 ||  1711
       Dagger            |     4 |       |       |       |       ||     4
       Kick              |    20 |    16 |       |       |       ||    36
       War axe           |       |       |   186 |    16 |       ||   202
       Headbutt          |       |       |       |       |    63 ||    63
Throw: Tomahawk          |       |       |     1 |       |       ||     1
Evoke: Wand              |       |       |     1 |    14 |     1 ||    16
       Lamp of fire      |       |       |       |       |     1 ||     1
  Use: Potion            |     1 |     1 |     7 |     3 |     1 ||    13
       Scroll            |       |     1 |     5 |    12 |     1 ||    19
 Stab: Sleeping          |     1 |       |       |       |       ||     1
       Confused          |     1 |     1 |       |    16 |     1 ||    19
       Petrified         |       |       |    21 |    24 |       ||    45
       Petrifying        |       |       |     2 |    10 |     4 ||    16
       Paralysed         |       |       |     5 |    22 |    12 ||    39
       Invisible         |       |       |     1 |       |       ||     1
       Distracted        |       |       |       |    10 |     1 ||    11
  Eat: Chunk             |     1 |     3 |    12 |    22 |     4 ||    42
       Ration            |       |       |     1 |     2 |       ||     3
Armor: Leather armour    |    28 |    18 |    73 |       |       ||   119
       Ice dragon scales |       |       |    39 |   316 |       ||   355
       Crystal plate arm |       |       |       |    31 |    86 ||   117
       Skin              |       |       |       |     1 |       ||     1
Dodge: Dodged            |    65 |    57 |   291 |   795 |   102 ||  1310

Table legend:
 A = Spawn XP
 B = Non-spawn XP
 C = Spawn XP percentage of total XP
 D = Spawn monster count
 E = Non-spawn monster count
 F = Spawn count percentage of total count
 G = Total turns spent on level
                    A         B        C        D         E        F      G
               +---------+---------+-------+---------+---------+-------+---------
         Total |       0 |   46880 |   0.0 |       0 |     397 |   0.0 | 15857
               +---------+---------+-------+---------+---------+-------+---------
           D:1 |       0 |      30 |   0.0 |       0 |      19 |   0.0 |   757
           D:2 |       0 |     108 |   0.0 |       0 |      25 |   0.0 |   648
           D:3 |       0 |     372 |   0.0 |       0 |      20 |   0.0 |   614
           D:4 |       0 |     434 |   0.0 |       0 |      15 |   0.0 |  1050
           D:5 |       0 |     478 |   0.0 |       0 |      20 |   0.0 |  1276
           D:6 |       0 |    1900 |   0.0 |       0 |      14 |   0.0 |  1237
           D:7 |       0 |    1289 |   0.0 |       0 |      15 |   0.0 |   851
           D:8 |       0 |    1180 |   0.0 |       0 |      25 |   0.0 |   757
           D:9 |       0 |     853 |   0.0 |       0 |      22 |   0.0 |   753
          D:10 |       0 |    7365 |   0.0 |       0 |      52 |   0.0 |  1535
          D:11 |       0 |    8613 |   0.0 |       0 |      49 |   0.0 |  2278
          D:12 |       0 |    4486 |   0.0 |       0 |      30 |   0.0 |   283
        Lair:1 |       0 |    8855 |   0.0 |       0 |      40 |   0.0 |  1611
        Lair:2 |       0 |    1806 |   0.0 |       0 |       8 |   0.0 |   718
        Lair:3 |       0 |    4972 |   0.0 |       0 |      23 |   0.0 |  1096
        Lair:4 |       0 |    3162 |   0.0 |       0 |      19 |   0.0 |   250
           Lab |       0 |     977 |   0.0 |       0 |       1 |   0.0 |   141
               +---------+---------+-------+---------+---------+-------+---------
